 Dungeon Crawl Stone Soup version 0.21-a0-251-g5e8393f (webtiles) character file.

28 tidbits the Skirmisher (level 2, 26/26 HPs)
             Began as a Demigod Wanderer on Sept 5, 2017.
             Quit the game on level 2 of the Dungeon.
             The game lasted 00:03:03 (427 turns).

tidbits the Skirmisher (Demigod Wanderer)            Turns: 427, Time: 00:03:03

Health: 26/26      AC:  4    Str: 18    XL:     2   Next: 78%
Magic:  5/5        EV:  9    Int: 14    God:
Gold:   76         SH:  0    Dex: 14    Spells: 1/1 levels left

rFire    . . .     SeeInvis .   a - +2 hand axe
rCold    . . .     Gourm    .   (no shield)
rNeg     . . .     Faith    .   q - -2 scale mail (curse)
rPois    .         Spirit   .   (no helmet)
rElec    .         Reflect  .   (no cloak)
rCorr    .         Harm     .   (no gloves)
MR       .....                  (no boots)
Stlth    +.........             (no amulet)
HPRegen  0.08/turn              (no ring)
MPRegen  0.09/turn              (no ring)

@: very slightly contaminated
A: high mp 1
a: no special abilities


You were on level 2 of the Dungeon.
You were not hungry.

You visited 1 branch of the dungeon, and saw 2 of its levels.

You collected 76 gold pieces.

Inventory:

Hand Weapons
 a - a +2 hand axe (weapon)
 b - a +0 dagger
 p - a +1 hunting sling of flaming
   (You found it on level 1 of the Dungeon)
Missiles
 e - 17 arrows
 k - 19 bolts
 l - 17 sling bullets
Armour
 c - a +0 ring mail
 q - a cursed -2 scale mail (worn)
Potions
 d - a potion of curing
 h - a potion of might
 j - a potion of brilliance {unknown}
Comestibles
 f - 2 bread rations
 g - 3 royal jellies


   Skills:
 + Level 3.0 Fighting
   Level 1.0 Long Blades
 - Level 1.7 Axes
 - Level 1.0 Throwing
 - Level 1.0 Armour
 - Level 1.9 Stealth
   Level 1.0 Evocations


You had one spell level left.
You didn't know any spells.

Dungeon Overview and Level Annotations

Branches:
Dungeon (2/15)


Innate Abilities, Weirdness & Mutations

You have an increased reservoir of magic. (+10% MP)


Message History

You barely miss the bat. The bat hits you but does no damage.
The bat completely misses you. The bat barely misses you.
The bat barely misses you.
You closely miss the bat. The bat hits you but does no damage.
You closely miss the bat. The bat barely misses you.
The bat hits you but does no damage. The bat hits you but does no damage.
The bat hits you.
You hit the bat.
You kill the bat!
No target in view!
No target in view!
No target in view!
m - a scroll labeled TYHUKK FA HUA
f - 2 bread rations (gained 1)
Found a scroll labeled LEKUIVE LUITUB.
n - a scroll labeled LEKUIVE LUITUB A rat comes into view.
Found a scroll labeled KUUNUL WAEDGHO.
You hit the rat.
You kill the rat!
No target in view!
No target in view!
Found 12 gold pieces.
You now have 76 gold pieces (gained 12).
o - a scroll labeled KUUNUL WAEDGHO A hobgoblin comes into view.
It is wielding a club.
The hobgoblin shouts!
The hobgoblin barely misses you.
Found an escape hatch in the floor.
You barely miss the hobgoblin. The hobgoblin hits you with a club.
You hit the hobgoblin.
The hobgoblin is lightly wounded.
The hobgoblin hits you but does no damage.
The hobgoblin hits you with a club.
You hit the hobgoblin.
You kill the hobgoblin!
No target in view!
No target in view!
There is an escape hatch in the floor here.
A hobgoblin comes into view. It is wielding a club.
The hobgoblin shouts!
Found a stone staircase leading down.
Your ring mail prevents you from hitting the hobgoblin.
The hobgoblin hits you but does no damage.
You hit the hobgoblin but do no damage.
The hobgoblin hits you but does no damage.
You slash the hobgoblin!
You kill the hobgoblin!
No target in view!
No target in view!
No target in view!
Things that are here:
a club; a hobgoblin corpse
Things that are here:
a club; a hobgoblin corpse
Found a runed hunting sling.
You hit the giant cockroach.
You kill the giant cockroach!
Your Fighting skill increases to level 3!
You see here a runed hunting sling.
p - a runed hunting sling
There is a stone staircase leading down here.
You climb downwards.
Found 13 gold pieces.
There is a stone staircase leading up here.
You open the door.
Found 17 gold pieces, a scale mail and a royal jelly.
There is an open door here.
You see here a scale mail.
q - a scale mail Wear which item? (? for menu, Esc to quit)
You start removing your armour.
You continue taking off your +0 ring mail. x4
You finish taking off your +0 ring mail.
You start putting on your armour.
You continue putting on your scale mail. x5
You finish putting on your cursed -2 scale mail.
Oops, that feels deathly cold.
Adjust (i)tems, (s)pells, or (a)bilities?
Adjust which item? (? for menu, Esc to quit)
Okay, then.
As you read the scroll labeled WIOG CIJAW, it crumbles to dust.
You feel strangely unstable.
It was a scroll of teleportation.
g - 3 royal jellies (gained 1)
Your surroundings suddenly seem different.
As you read the scroll labeled TYHUKK FA HUA, it crumbles to dust.
You assume a fearsome visage.
Nothing appears to happen.
It was a scroll of fear.
As you read the scroll labeled KUUNUL WAEDGHO, it crumbles to dust.
It is a scroll of identify.
h - a potion of might Blink to where?
Press: ? - help, Dir - move target cursor You are very lightly contaminated with residual magic.
As you read the scroll labeled LEKUIVE LUITUB, it crumbles to dust.
It was a scroll of blinking.
You open the door. 2 bats come into view.
Are you sure you want to abandon this character and quit the game? (Confirm with "yes".)

#.# #.# #####
##.###...##
##...#.###.######
.####......#
#......#
...........#
#.###
######.###...##
#.# ##### #@# #'#
.b. .b... .......
.........
+.........+
#.........#


You could see 2 bats.

Vanquished Creatures
  A dart slug (D:1)
  A leopard gecko (D:1)
  A giant cockroach (D:1)
  A goblin (D:1)
  5 hobgoblins (D:1)
  3 jackals (D:2)
  2 ball pythons (D:1)
  6 bats
  3 rats (D:1)
23 creatures vanquished.

Notes
Turn   | Place    | Note
-------+----------+-------------------------------------------
     0 | D:1      | tidbits the Demigod Wanderer began the quest for the Orb.
     0 | D:1      | tidbits set off with: a +2 hand axe, a potion of curing, a +0 ring mail, a +0 dagger, a bread ration
     0 | D:1      | Reached XP level 1. HP: 17/17 MP: 3/3
    77 | D:1      | Reached skill level 2 in Fighting
   109 | D:2      | Reached XP level 2. HP: 23/25 MP: 5/5
   378 | D:1      | Reached skill level 3 in Fighting
   427 | D:2      | Quit the game

Vault maps used:
D:1:      nicolae_arrival_memento_mori
D:2:      serial_park_tiny_pond

Skill      XL: |  1  2 |
---------------+-------+-----
Fighting       | 2 3 |  3.0
Long Blades    | |  1.0
Axes           | |  1.7
Throwing       | |  1.0
Armour         | |  1.0
Stealth        | |  1.9
Evocations     | |  1.0

Action                   || total
-------------------------++-------
Melee: Hand axe          ||    61
  Use: Scroll            ||     4
 Stab: Sleeping          ||     1
Armor: Ring mail         ||    35
Dodge: Dodged            ||    33

Table legend:
 A = Spawn XP
 B = Non-spawn XP
 C = Spawn XP percentage of total XP
 D = Spawn monster count
 E = Non-spawn monster count
 F = Spawn count percentage of total count
 G = Total turns spent on level
                    A         B        C        D         E        F      G
               +---------+---------+-------+---------+---------+-------+---------
         Total |       0 |      41 |   0.0 |       0 |      23 |   0.0 |   427
               +---------+---------+-------+---------+---------+-------+---------
           D:1 |       0 |      34 |   0.0 |       0 |      19 |   0.0 |   341
           D:2 |       0 |       7 |   0.0 |       0 |       4 |   0.0 |    86
               +---------+---------+-------+---------+---------+-------+---------

Table legend:
 A = Turns spent in this place as a percentage of turns spent in the entire game.
 B = Non-inter-level travel turns spent in this place as a percentage of non-inter-level travel turns spent in the entire game.
 C = Inter-level travel turns spent in this place as a percentage of turns spent in this place.
 D = Turns resting spent in this place as a percentage of non-inter-level travel turns spent in this place.
 E = Turns spent auto-exploring this place as a percentage of non-inter-level travel turns spent in this place.
 F = Non-inter-level travel turns spent in this place divided by the number of levels of this place that you've seen.
                   A       B       C       D       E      F
               +-------+-------+-------+-------+-------+----------------------
         Total | 100.0 | 100.0 |   0.0 |   0.0 |   0.0 | 213.5
       Dungeon | 100.0 | 100.0 |   0.0 |   0.0 |   0.0 | 213.5
               +-------+-------+-------+-------+-------+----------------------

Table legend:
 A = Kills in this place as a percentage of kills in entire the game.
 B = Kills by you in this place as a percentage of kills by you in the entire game.
 C = Kills by friends in this place as a percentage of kills by friends in the entire game.
 D = Other kills in this place as a percentage of other kills in the entire game.
 E = Experience gained in this place as a percentage of experience gained in the entire game.
 F = Experience gained in this place divided by the number of levels of this place that you have seen.
                   A       B       C       D       E      F
               +-------+-------+-------+-------+-------+----------------------
         Total | 100.0 | 100.0 |   N/A |   N/A | 100.0 |  20.5
       Dungeon | 100.0 | 100.0 |   N/A |   N/A | 100.0 |  20.5
               +-------+-------+-------+-------+-------+----------------------

Vault maps used:
D:1:      nicolae_arrival_memento_mori
D:2:      serial_park_tiny_pond
